 Dungeon Crawl Stone Soup version 0.21.1-1-g345015f (webtiles) character file.

1064 halftheisland the Cudgeler (level 8, -1/79 HPs)
             Began as a Troll Berserker on Feb 20, 2018.
             Was a Priest of Trog.
             Slain by a shadow imp (5 damage)
             ... while paralysed
             ... on level 5 of the Dungeon on Feb 26, 2018.
             The game lasted 00:15:34 (3292 turns).

halftheisland the Cudgeler (Troll Berserker)        Turns: 3292, Time: 00:15:34

Health: -1/79      AC:  5    Str: 26 (27) XL:     8   Next: 6%
Magic:  7/7        EV:  1    Int:  1 (3)  God:    Trog [***...]
Gold:   266        SH:  0    Dex:  8 (10) Spells: 7/7 levels left

rFire    . . .     SeeInvis .   a - +0 mace
rCold    . . .     Gourm    +   (no shield)
rNeg     . . .     Faith    .   b - +0 animal skin
rPois    +         Spirit   .   (helmet restricted)
rElec    .         Reflect  .   (no cloak)
rCorr    .         Harm     .   (gloves unavailable)
MR       .....                  (boots unavailable)
Stlth    +.........             n - amulet of regeneration
HPRegen  1.03/turn              d - ring of poison resistance
MPRegen  0.10/turn              (no ring)

@: paralysed, lethally poisoned (-1 -> -1), berserk cooldown, slowed
A: large, unfitting armour, claws 3, fast metabolism 3, gourmand, regeneration
1, shaggy fur 1, tough skin 2
a: Berserk, Trog's Hand, Burn Spellbooks, Renounce Religion


You were on level 5 of the Dungeon.
You worshipped Trog.
Trog was most pleased with you.
You were full.

You visited 1 branch of the dungeon, and saw 5 of its levels.

You collected 266 gold pieces.

Inventory:

Hand Weapons
 a - a +0 mace (weapon)
 i - a +0 giant club
Missiles
 c - 3 poisoned javelins (quivered)
 f - 9 tomahawks
 h - 3 tomahawks of dispersal
Armour
 b - a +0 animal skin (worn)
Jewellery
 d - a ring of poison resistance (left claw)
 n - an amulet of regeneration (around neck)
Scrolls
 e - 3 scrolls of identify
 g - 3 scrolls of remove curse
 k - 3 scrolls of teleportation
Comestibles
 j - 4 rations


   Skills:
 * Level 4.8 Fighting
 * Level 7.0 Maces & Flails
 + Level 0.7 Throwing
 + Level 3.7 Dodging


You had 7 spell levels left.
You didn't know any spells.

Dungeon Overview and Level Annotations

Branches:
Dungeon (5/15)             Temple (0/1) D:4

Altars:
Fedhas
Gozag
Kikubaaqudgha
Wu Jian
Xom
The Shining One
Beogh

Shops:
D:5 }

Annotations:
D:5 Prince Ribbit


Innate Abilities, Weirdness & Mutations

You are too large for most types of armour.
You have claws for hands.
Your metabolism is lightning-fast.
You like to eat raw meat.
Your natural rate of healing is unusually fast.
You are covered in fur. (AC +1)
You have very tough skin. (AC +2)


Message History

The adder bites you but does no damage. The crimson imp hits you.
Prince Ribbit catches a small bird with his tongue.
Prince Ribbit blinks!
The adder bites you.
* * * LOW HITPOINT WARNING * * *
The crimson imp hits you.
* * * LOW HITPOINT WARNING * * *
The adder bites you.
* * * LOW HITPOINT WARNING * * *
You feel sick. The shadow imp hits you.
* * * LOW HITPOINT WARNING * * *
Prince Ribbit hits you!
* * * LOW HITPOINT WARNING * * *
The adder bites you.
* * * LOW HITPOINT WARNING * * *
You are more poisoned.
The adder poisons you! The crimson imp hits you.
* * * LOW HITPOINT WARNING * * *
A jackal comes into view.
You feel sick. The shadow imp hits you.
You die...

...# s.##
.....##.... .##
##.......... ..
##...........
...
#............
....
h##............
..[.h
...............
......
#....5.......
#...S@5......
#...F.5......
.>.............
...##......#...
.. #.#.##.# ..
. #.#.# ... .
....# ...
...### ...# #..
###


You could see Prince Ribbit, 2 crimson imps, an adder, a shadow imp and a
jackal.

Vanquished Creatures
  The ghost of appiemonkey the Stinger, an amateur OpVM (D:3)
  Edmund (D:5)
  2 phantoms (D:4)
  2 ogres (D:4)
  2 scorpions (D:4)
  3 hounds (D:4)
  An orc priest (D:4)
  3 orc wizards (D:4)
  An iguana (D:4)
  2 worker ants (D:4)
  2 adders (D:3)
  A dart slug (D:2)
  A leopard gecko (D:3)
  16 orcs
  2 ball pythons
  7 giant cockroaches
  4 goblins
  6 hobgoblins
  2 jackals (D:4)
  5 kobolds
  3 quokkas
  7 bats
  4 frilled lizards
  A quokka skeleton (D:4)
  8 rats
87 creatures vanquished.

Notes
Turn   | Place    | Note
-------+----------+-------------------------------------------
     0 | D:1      | halftheisland the Troll Berserker began the quest for the Orb.
     0 | D:1      | Reached XP level 1. HP: 22/22 MP: 0/0
   238 | D:1      | Reached skill level 3 in Maces & Flails
   238 | D:1      | Reached XP level 2. HP: 29/29 MP: 1/1
   757 | D:2      | Found a shimmering altar of Xom.
   814 | D:2      | Found a blossoming altar of Fedhas.
   905 | D:2      | Reached ** piety under Trog
  1373 | D:2      | Reached XP level 3. HP: 36/36 MP: 2/2
  1540 | D:3      | Found an ornate altar of the Wu Jian Council.
  1711 | D:3      | Noticed appiemonkey's ghost (amateur OpVM)
  1725 | D:3      | Killed appiemonkey's ghost
  1725 | D:3      | Reached skill level 4 in Maces & Flails
  1725 | D:3      | Reached XP level 4. HP: 43/45 MP: 3/3
  1725 | D:3      | Reached XP level 5. HP: 50/53 MP: 4/4
  1776 | D:3      | Found a glowing golden altar of the Shining One.
  2200 | D:4      | Noticed a phantom
  2263 | D:4      | Reached skill level 5 in Maces & Flails
  2263 | D:4      | Reached XP level 6. HP: 61/61 MP: 5/5
  2513 | D:4      | Reached XP level 7. HP: 63/70 MP: 6/6
  2552 | D:4      | Found an opulent altar of Gozag.
  2559 | D:4      | Reached *** piety under Trog
  2575 | D:4      | Reached skill level 6 in Maces & Flails
  2599 | D:4      | Found Avock's Antique Weapon Shop.
  2737 | D:4      | Found a staircase to the Ecumenical Temple.
  3041 | D:4      | Found a roughly hewn altar of Beogh.
  3070 | D:4      | Received a gift from Trog
  3242 | D:4      | Found an ancient bone altar of Kikubaaqudgha.
  3271 | D:5      | Entered Level 5 of the Dungeon
  3271 | D:5      | Found Ifoat's Gadget Shop.
  3271 | D:5      | Noticed Edmund
  3283 | D:5      | Killed Edmund
  3283 | D:5      | Reached skill level 7 in Maces & Flails
  3283 | D:5      | Reached XP level 8. HP: 47/79 MP: 7/7
  3289 | D:5      | Noticed Prince Ribbit
  3292 | D:5      | Slain by a shadow imp

Skill      XL: |  1  2  3  4  5  6  7 |
---------------+----------------------+-----
Maces & Flails | 3 4 5 7 |  7.0
Fighting       | 3 4 |  4.8
Dodging        | 3 |  3.7
Throwing       | |  0.7

Action                   |  1- 3 |  4- 6 |  7- 9 || total
-------------------------+-------+-------+-------++-------
Melee: Mace              |   131 |   125 |    98 ||   354
Throw: Tomahawk          |     3 |     3 |     6 ||    12
       Javelin           |       |       |     4 ||     4
Invok: Berserk           |       |     1 |     1 ||     2
  Use: Scroll            |     2 |     6 |       ||     8
       Potion            |       |     3 |     1 ||     4
 Stab: Distracted        |       |     1 |       ||     1
  Eat: Ration            |     5 |       |       ||     5
       Chunk             |     2 |     9 |     6 ||    17
Armor: Animal skin       |    66 |    22 |    24 ||   112
Dodge: Dodged            |    77 |    50 |    43 ||   170
